 Dungeon Crawl Stone Soup version 0.23.2-40-g277498a001 (webtiles) character file.

Game seed: 6869280263687732584

167 Destructed3 the Firebug (level 5, -3/40 HPs)
             Began as a Draconian Fire Elementalist on Oct 21, 2019.
             Killed by divine providence
             ... invoked by an orc priest
              (16 damage)
             ... on level 3 of the Dungeon.
             The game lasted 00:11:17 (1922 turns).

Destructed3 the Firebug (DrFE)                      Turns: 1922, Time: 00:11:17

Health: -3/40      AC:  5    Str: 12    XL:     5   Next: 23%
Magic:  0/8        EV: 12    Int: 16    God:
Gold:   131        SH:  0    Dex: 12    Spells: 2/8 levels left

rFire    . . .     SeeInvis .   c - +0 short sword
rCold    . . .     Gourm    .   (no shield)
rNeg     . . .     Faith    .   (armour unavailable)
rPois    .         Spirit   .   (helmet restricted)
rElec    .         Reflect  .   (no cloak)
rCorr    .         Harm     .   (no gloves)
MR       .....                  (no boots)
Stlth    ++........             (no amulet)
HPRegen  0.13/turn              g - +2 ring of strength
MPRegen  0.11/turn              (no ring)

@: very slightly contaminated
A: unfitting armour, cold-blooded, AC +5
a: no special abilities


You were on level 3 of the Dungeon.
You were hungry.

You visited 1 branch of the dungeon, and saw 3 of its levels.

You collected 131 gold pieces.

Inventory:

Hand Weapons
 c - a +0 short sword (weapon)
 k - a +0 hunting sling
 m - a +0 short sword
 p - a +0 short sword
Missiles
 l - 109 stones (quivered)
Armour
 a - a cursed +0 buckler
Jewellery
 g - a +2 ring of strength (left hand)
Scrolls
 d - a scroll of enchant weapon {unknown}
 e - a scroll of enchant armour
 h - 3 scrolls of teleportation
 o - a scroll of remove curse {unknown}
 q - a scroll of amnesia {unknown}
Potions
 f - 3 potions of curing
 i - a potion of haste
 j - a potion of mutation {unknown}
Comestibles
 b - 3 rations
 n - 2 chunks of flesh


   Skills:
 - Level 1.0 Fighting
 - Level 2.0 Dodging
 - Level 2.0 Stealth
 - Level 2.0 Spellcasting
 + Level 2.4 Conjurations
 + Level 5.1 Fire Magic


You had 2 spell levels left.
You knew the following spells:

 Your Spells              Type           Power        Failure   Level  Hunger
a - Flame Tongue          Conj/Fire      ##...        4%          1    #......
b - Throw Flame           Conj/Fire      ##....       7%          2    ###....
c - Inner Flame           Hex/Fire       #.......     22%         3    ###....

Your spell library contained the following spells:

 Spells                   Type           Power        Failure   Level  Hunger
 Conjure Flame            Conj/Fire      ##......     13%         3    ###....
 Sticky Flame             Conj/Fire      ##......     41%         4    #####..
 Fireball                 Conj/Fire      ##........   77%         5    ######.


Dungeon Overview and Level Annotations

Branches:
Dungeon (3/15)

Altars:
Nemelex Xobeh
Xom


Innate Abilities, Weirdness & Mutations

Your plain brown scales are hard. (AC +5)
You cannot fit into any form of body armour.
You are cold-blooded and may be slowed by cold attacks.


Message History

Casting: Flame Tongue (safe; 4% risk of failure)
Confirm with . or Enter, or press ? or * to list all spells.
You don't have enough magic to cast that spell.
You hit the orc.
You kill the orc!
The orc priest invokes the aid of Beogh against you.
Beogh smites you!
Casting: Flame Tongue (safe; 4% risk of failure)
Confirm with . or Enter, or press ? or * to list all spells.
Aiming: Flame Tongue (safe; 4% risk of failure)
Press: ? - help, Shift-Dir - straight line, f - orc priest
Aim: an orc priest, wielding a +0 hand axe You miscast Flame Tongue.
You are very lightly contaminated with residual magic.
Nothing appears to happen.
You hit the orc priest.
The orc priest is moderately wounded.
The orc priest calls down the wrath of Beogh upon you.
Beogh smites you!
You die...

#.# ####.#### #...
#.# #.......# ####
####.# #.......# #
#.[.o# #.>.[...# #
#o#### #.......#
#### #.# #.......#
#... ####.####
#.......# #.##
#....oo.#
#.......# #.##
#.##.##@#
######### #.#.
#.##....# ### #.#.
#.#####.#
####.###.#.
#.#####.#
#...#......
#.......#
#..###..##รท
#######.# #.##
##....
#.######..###..###
#.......)..#.#.#
########.......#


You could see an orc priest and an orc.

Vanquished Creatures
  An orc wizard (D:3)
  7 adders
  A gnoll (D:1)
  2 worms
  A leopard gecko (D:3)
  2 orcs (D:3)
  A ball python (D:3)
  8 bats
  4 giant cockroaches
  6 hobgoblins
  5 jackals (D:1)
  A quokka (D:3)
  5 frilled lizards (D:2)
  4 goblins
  9 kobolds
  4 rats
61 creatures vanquished.

Notes
Turn   | Place    | Note
-------+----------+-------------------------------------------
     0 | D:1      | Destructed3 the Draconian Fire Elementalist began the quest
                  | for the Orb.
     0 | D:1      | Reached XP level 1. HP: 14/14 MP: 3/3
   112 | D:1      | Reached XP level 2. HP: 20/20 MP: 3/5
   215 | D:1      | Reached skill level 4 in Fire Magic
   347 | D:1      | Reached XP level 3. HP: 20/26 MP: 4/6
   364 | D:1      | Learned a level 2 spell: Throw Flame
   368 | D:1      | Learned a level 3 spell: Inner Flame
   830 | D:2      | Reached skill level 1 in Fighting
   830 | D:2      | Reached XP level 4. HP: 27/35 MP: 3/7
   938 | D:2      | Reached skill level 5 in Fire Magic
  1471 | D:3      | Found a sparkling altar of Nemelex Xobeh.
  1785 | D:3      | Found an iron altar of Okawaru.
  1787 | D:3      | Found an ancient bone altar of Kikubaaqudgha.
  1787 | D:3      | Found an opulent altar of Gozag.
  1789 | D:3      | Found a hide-covered altar of Uskayaw.
  1789 | D:3      | Found a shimmering altar of Xom.
  1789 | D:3      | Found an iron altar of Okawaru.
  1847 | D:3      | Reached XP level 5. HP: 40/40 MP: 5/8
  1922 | D:3      | Killed from afar by an orc priest

Skill      XL: |  1  2  3  4  5 |
---------------+----------------+-----
Fire Magic     | 4 5 |  5.1
Fighting       | 1 |  1.0
Stealth        | 2 |  2.0
Dodging        | 2 |  2.0
Conjurations   | 2 |  2.4
Spellcasting   | |  2.0

Action                   |  1- 3 |  4- 6 || total
-------------------------+-------+-------++-------
Melee: Short sword       |    62 |    40 ||   102
       Tailslap          |     4 |     4 ||     8
 Cast: Flame Tongue      |    37 |    38 ||    75
       Throw Flame       |     1 |       ||     1
  Use: Scroll            |     4 |     3 ||     7
 Stab: Sleeping          |     1 |     5 ||     6
  Eat: Chunk             |     1 |     3 ||     4
Armor: Skin              |    25 |    16 ||    41
Dodge: Dodged            |    51 |    23 ||    74
